 Dungeon Crawl Stone Soup version 0.31-a0-152-g6aa68a64a1 (webtiles) character file.

Game seed: 11213073419694975033

147 qw the Shooter (level 5, 0/49 HPs)
             Began as a Naga Hunter on June 10, 2023.
             Slain by a goblin
             ... wielding a +0 dagger
              (1 damage)
             ... on level 4 of the Dungeon.
             The game lasted 00:00:57 (2981 turns).

qw the Shooter (Naga Hunter)                        Turns: 2981, Time: 00:00:57

Health: 0/49       AC:  3    Str: 13      XL:     5   Next: 29%
Magic:  5/5        EV:  9    Int:  9      God:
Gold:   140        SH:  0    Dex: 16 (17) Spells: 4/4 levels left

rFire   . . .        Y - +1 shortbow
rCold   . . .        (shield currently unavailable)
rNeg    . . .        c - +0 leather armour
rPois   +            (no helmet)
rElec   .            (no cloak)
rCorr   .            (no gloves)
SInv    +            (no barding)
Will    .....        (no amulet)
Stlth   ++           (no ring)
HPRegen 0.28/turn    (no ring)
MPRegen 0.09/turn

%: no passive effects
@: short of breath, unable to drink, very slow
A: AC +1, large, see invisible, deformed body, poison resistance, slowness 2,
spit poison 1, naga tail 1, deterioration 1, inability to drink after injury 1
a: Spit Poison


You were on level 4 of the Dungeon.
You visited 1 branch of the dungeon, and saw 4 of its levels.

You collected 140 gold pieces.


Innate Abilities, Weirdness & Mutations

Your serpentine skin is tough. (AC +1)
You have supernaturally acute eyesight. (SInv)
Armour fits poorly on your strangely shaped body.
Your system is resistant to poisons. (rPois)
You cover ground very slowly.
You can spit poison.
You have a snake-like lower body.
Your body sometimes deteriorates upon taking damage.
You occasionally lose the ability to drink potions when taking damage.


   Skills:
 - Level 3.0 Fighting
 + Level 5.4 Ranged Weapons
 - Level 1.5 Dodging
 - Level 1.5 Stealth


You had 4 spell levels left.
You didn't know any spells.
Your spell library was empty.

Inventory:

Hand Weapons
 Y - a +1 shortbow (weapon)
Armour
 a - a +3 ring mail
 c - a +0 leather armour (worn)
Scrolls
 b - a scroll of teleportation
 f - a scroll of identify
Potions
 d - a potion of degeneration {unknown}
 h - a potion of attraction {unknown}

Dungeon Overview and Level Annotations

Branches:
Dungeon (4/15)
 Temple: D:4-7

Altars:
Cheibriados
Kikubaaqudgha

Annotations:
D:3 1 runed translucent door, Crazy Yiuf


Message History

You shoot an arrow. The arrow hits the goblin.
You kill the goblin!
You shoot an arrow. The arrow misses the goblin.
The goblin hits you with a +0 dagger.
You shoot an arrow. The arrow completely misses the ogre.
The arrow hits the goblin.
You kill the goblin!
You have got your breath back.
The goblin hits you with a +0 dagger.
The ogre hits you with a +0 giant club!!
Your body deteriorates!
You feel clumsy. The goblin hits you but does no damage.
2976 ||| INVOKING Spit Poison.
Aiming: Spit Poison (1% risk of failure)
Press: ? - help, Shift-Dir - straight line, f/p - ogre The splash of poison hits the ogre.
The ogre is lightly wounded.
The goblin hits you but does no damage.
You shoot an arrow. The arrow hits the ogre!
The ogre is moderately wounded.
The ogre misses you. The goblin barely misses you.
You shoot an arrow. The arrow hits the ogre.
The ogre is heavily wounded.
You have got your breath back.
The ogre barely misses you. The goblin completely misses you.
2979 ||| INVOKING Spit Poison.
Aiming: Spit Poison (1% risk of failure)
Press: ? - help, Shift-Dir - straight line, f/p - ogre The splash of poison hits the ogre.
The ogre is poisoned.
The ogre is heavily wounded.
The goblin hits you with a +0 dagger.
You shoot an arrow. The arrow hits the ogre.
The ogre is severely wounded.
The ogre closely misses you. The goblin hits you but does no damage.
You shoot an arrow. The arrow barely misses the ogre.
The arrow hits the goblin but does no damage.
The ogre hits you with a +0 giant club!!
You feel threatened and lose the ability to drink potions!
The goblin hits you with a +0 dagger.
You die...

##.# ##.....## #.< ##..#
##.......## #.. ########...#
#..[......####.. .
...........#####........'.....
#.
########...#..(#........####..
#.# #....#...#.......## #.. #
#.#..#gg(##.....## #>#
#.##.##O# ##...## #.#
#.##..g@# ##+## #.# #.#######
#.# #.# #.# ########.##### #.#
#.# #............####.# #.#
#.#####...........#
##.####.####.....#.######
#...........#....#.#
##.####.###.#..#.#.# ###
#........#.#.#


You could see an ogre (poisoned) and 3 goblins.

Vanquished Creatures
  3 gnolls (D:4)
  3 adders
  2 worms
  3 dart slugs
  5 orcs (D:4)
  8 endoplasms
  A giant cockroach (D:2)
  7 goblins
  8 hobgoblins
  6 jackals
  6 ball pythons
  7 bats
  6 frilled lizards
  6 kobolds
  5 rats
76 creatures vanquished.

Notes
Turn   | Place    | Note
-------+----------+-------------------------------------------
     0 | D:1      | qw the Naga Hunter began the quest for the Orb.
     0 | D:1      | Reached XP level 1. HP: 19/19 MP: 1/1
     0 | D:1      | 0 ||| qw: Version: 0.2-a-122-gbc61b45
     0 | D:1      | 0 ||| qw: Game counter: 3580
     0 | D:1      | 0 ||| qw: Always use a shield: true
     0 | D:1      | 0 ||| qw: God list: Okawaru
     0 | D:1      | 0 ||| qw: Allow faded altars: false
     0 | D:1      | 0 ||| qw: Do Orc after D:15 true
     0 | D:1      | 0 ||| qw: Do second Lair branch before Depths: true
     0 | D:1      | 0 ||| qw: Lair rune preference: random
     0 | D:1      | 0 ||| qw: Plans: Normal
     0 | D:1      | 0 ||| PLANNING D:1-11
    35 | D:1      | 35 ||| INVOKING Spit Poison.
    76 | D:1      | 76 ||| INVOKING Spit Poison.
    79 | D:1      | 79 ||| INVOKING Spit Poison.
    92 | D:1      | Reached skill level 4 in Ranged Weapons
    92 | D:1      | Reached XP level 2. HP: 18/26 MP: 2/2
   128 | D:1      | 128 ||| INVOKING Spit Poison.
   160 | D:1      | 160 ||| INVOKING Spit Poison.
   189 | D:1      | 189 ||| INVOKING Spit Poison.
   285 | D:1      | 285 ||| INVOKING Spit Poison.
   289 | D:1      | 289 ||| INVOKING Spit Poison.
   325 | D:1      | 325 ||| INVOKING Spit Poison.
   652 | D:1      | 652 ||| READING 2 scrolls labelled VECAMNADOCH.
   653 | D:1      | 653 ||| READING 2 scrolls labelled PYDUDA PIGIBEF.
   654 | D:1      | 654 ||| READING scroll labelled RERI ZAETWAGHA.
   655 | D:1      | 655 ||| READING scroll labelled JITIDGH BYENISU.
   656 | D:1      | 656 ||| DROPPING scroll of fog.
   657 | D:1      | 657 ||| DROPPING scroll of butterflies.
   684 | D:2      | 684 ||| INVOKING Spit Poison.
   721 | D:2      | 721 ||| INVOKING Spit Poison.
   723 | D:2      | Reached XP level 3. HP: 32/32 MP: 3/3
   745 | D:2      | 745 ||| INVOKING Spit Poison.
   778 | D:2      | 778 ||| INVOKING Spit Poison.
   822 | D:2      | 822 ||| INVOKING Spit Poison.
   900 | D:2      | 900 ||| INVOKING Spit Poison.
  1059 | D:2      | 1059 ||| INVOKING Spit Poison.
  1140 | D:2      | 1140 ||| INVOKING Spit Poison.
  1257 | D:2      | 1257 ||| INVOKING Spit Poison.
  1351 | D:2      | 1351 ||| DROPPING ring of flight.
  1352 | D:2      | 1352 ||| READING scroll labelled LONUDU KESENEIL.
  1353 | D:2      | 1353 ||| READING scroll labelled BIGESTRUROBB.
  1354 | D:2      | 1354 ||| READING scroll labelled ZUULOLAAHE.
  1357 | D:2      | 1357 ||| DRINKING 2 purple potions.
  1357 | D:2      | Gained mutation: You are robust. (+10% HP) [potion of
                  | mutation]
  1357 | D:2      | Gained mutation: You occasionally lose the ability to drink
                  | potions when taking damage. [potion of mutation]
  1357 | D:2      | Gained mutation: You can exhale a cloud of poison. [potion
                  | of mutation]
  1367 | D:2      | 1367 ||| DRINKING potion of mutation.
  1367 | D:2      | Lost mutation: You can exhale a cloud of poison. [potion of
                  | mutation]
  1367 | D:2      | Lost mutation: You are robust. (+10% HP) [potion of
                  | mutation]
  1367 | D:2      | Gained mutation: You expend magic power (3 MP) to
                  | strengthen your wands. [potion of mutation]
  1367 | D:2      | Gained mutation: Your tail ends in a venomous barb. [potion
                  | of mutation]
  1367 | D:2      | Gained mutation: You occasionally lose the ability to read
                  | scrolls when taking damage. [potion of mutation]
  1386 | D:3      | 1386 ||| INVOKING Spit Poison.
  1391 | D:3      | 1391 ||| INVOKING Spit Poison.
  1393 | D:3      | 1393 ||| STAIRDANCE
  1397 | D:2      | 1397 ||| INVOKING Spit Poison.
  1459 | D:3      | Found a faded altar of an unknown god.
  1461 | D:3      | 1461 ||| INVOKING Spit Poison.
  1475 | D:3      | Found an ancient bone altar of Kikubaaqudgha.
  1487 | D:3      | 1487 ||| INVOKING Spit Poison.
  1494 | D:3      | 1494 ||| INVOKING Spit Poison.
  1555 | D:3      | 1555 ||| INVOKING Spit Poison.
  1589 | D:3      | 1589 ||| INVOKING Spit Poison.
  1645 | D:3      | 1645 ||| INVOKING Spit Poison.
  1649 | D:3      | Reached skill level 5 in Ranged Weapons
  1649 | D:3      | Reached XP level 4. HP: 28/39 MP: 4/4
  1809 | D:3      | Found a runed translucent door.
  1810 | D:3      | Noticed Crazy Yiuf
  1857 | D:3      | 1857 ||| INVOKING Spit Poison.
  1935 | D:3      | 1935 ||| INVOKING Spit Poison.
  1987 | D:3      | 1987 ||| INVOKING Spit Poison.
  2118 | D:3      | 2118 ||| READING scroll labelled NARHET RYOFOUMP.
  2119 | D:3      | 2119 ||| READING scroll labelled IZIKATHRAWOS.
  2120 | D:3      | 2120 ||| READING scroll labelled UTAIC SOCE.
  2221 | D:3      | 2221 ||| READING 2 scrolls of identify.
  2221 | D:3      | 2221 ||| IDENTIFYING green potion
  2275 | D:4      | 2275 ||| INVOKING Spit Poison.
  2280 | D:4      | 2280 ||| INVOKING Spit Poison.
  2287 | D:4      | 2287 ||| INVOKING Spit Poison.
  2314 | D:4      | 2314 ||| FLEEEEING.
  2315 | D:4      | 2315 ||| FLEEEEING.
  2343 | D:4      | 2343 ||| DRINKING potion of mutation.
  2343 | D:4      | Lost mutation: You expend magic power (3 MP) to strengthen
                  | your wands. [potion of mutation]
  2343 | D:4      | Lost mutation: Your tail ends in a venomous barb. [potion
                  | of mutation]
  2343 | D:4      | Lost mutation: You occasionally lose the ability to read
                  | scrolls when taking damage. [potion of mutation]
  2343 | D:4      | Gained mutation: Your body sometimes deteriorates upon
                  | taking damage. [potion of mutation]
  2401 | D:4      | 2401 ||| INVOKING Spit Poison.
  2402 | D:4      | 2402 ||| INVOKING Spit Poison.
  2404 | D:4      | 2404 ||| Stepping ~*~*~tactically~*~*~ (outnumbered).
  2407 | D:4      | 2407 ||| INVOKING Spit Poison.
  2413 | D:4      | 2413 ||| INVOKING Spit Poison.
  2419 | D:4      | 2419 ||| INVOKING Spit Poison.
  2422 | D:4      | HP: 6/40 [gnoll/+0 club (5)]
  2423 | D:4      | 2423 ||| READING scroll of teleportation.
  2423 | D:4      | HP: 2/40 [gnoll/+0 club (4)]
  2424 | D:4      | 2424 ||| INVOKING Spit Poison.
  2428 | D:4      | 2428 ||| DRINKING potion of heal wounds.
  2429 | D:4      | 2429 ||| INVOKING Spit Poison.
  2430 | D:4      | Reached skill level 3 in Fighting
  2455 | D:4      | Found a snail-covered altar of Cheibriados.
  2567 | D:4      | 2567 ||| INVOKING Spit Poison.
  2572 | D:4      | Reached XP level 5. HP: 49/49 MP: 5/5
  2657 | D:4      | 2657 ||| INVOKING Spit Poison.
  2791 | D:4      | 2791 ||| INVOKING Spit Poison.
  2858 | D:4      | 2858 ||| INVOKING Spit Poison.
  2966 | D:4      | Noticed an ogre
  2967 | D:4      | 2967 ||| INVOKING Spit Poison.
  2971 | D:4      | 2971 ||| INVOKING Spit Poison.
  2976 | D:4      | 2976 ||| INVOKING Spit Poison.
  2979 | D:4      | 2979 ||| INVOKING Spit Poison.
  2981 | D:4      | HP: 1/49 [ogre/+0 giant club (18)]
  2981 | D:4      | Slain by a goblin

Levels and vault maps discovered:
D:1:      ldierk_walled_garden_2, layout_basic
D:2:      layout_loops_ring, minmay_unequal
D:3:      layout_rooms, lemuel_tele_altar, basic_ecumenical_altar,
          uniq_crazy_yiuf_cottage
D:4:      layout_loops_corners, kennysheep_slug_shrine, minmay_ogre_servants

Skill      XL: |  1  2  3  4 |
---------------+-------------+-----
Ranged Weapons | 4 5 |  5.4
Fighting       | 3 |  3.0
Dodging        | |  1.5
Stealth        | |  1.5

Action                     |  1- 3 |  4- 6 || total
---------------------------+-------+-------++-------
   Fire: Shortbow          |    87 |    64 ||   151
Ability: Spit Poison       |    27 |    20 ||    47
    Use: Scroll            |     7 |     5 ||    12
         Potion            |     2 |     2 ||     4
 Armour: Leather armour    |     8 |     8 ||    16
  Dodge: Dodged            |    17 |    25 ||    42

Table legend:
 A = Non-vault XP
 B = Vault XP
 C = Vault XP percentage of total XP
 D = Non-vault monster count
 E = Vault monster count
 F = Vault count percentage of total count
                 A         B        C        D         E       F
            +---------+---------+-------+---------+---------+-------
      Total |     194 |      16 |   7.6 |      68 |       8 |  10.5
            +---------+---------+-------+---------+---------+-------
        D:1 |      30 |       0 |   0.0 |      21 |       0 |   0.0
        D:2 |      32 |       3 |   8.6 |      17 |       2 |  10.5
        D:3 |      32 |       0 |   0.0 |      12 |       0 |   0.0
        D:4 |     100 |      13 |  11.5 |      18 |       6 |  25.0
            +---------+---------+-------+---------+---------+-------
